 Dungeon Sprint DCSS version 0.18-b1-18-g7758cf2 (webtiles) character file.

10976 Kidiri the Unseen (level 11, 0/57 HPs)
             Began as a Spriggan Enchanter on May 2, 2016.
             Was the Champion of Dithmenos.
             Succumbed to a death drake's dark miasma
             ... in the Dungeon (Sprint III: "The Ten Rune Challenge").
             The game lasted 00:12:29 (2208 turns).

Kidiri the Unseen (Spriggan Enchanter)              Turns: 2208, Time: 00:12:30

Health: 0/57       AC:  3    Str:  4    XL:     11   Next: 43%
Magic:  27/28      EV: 31    Int: 19    God:    Dithmenos [******]
Gold:   39         SH:  0    Dex: 18    Spells: 8 memorised, 9 levels left

rFire  . . .     SeeInvis +     a - +1 dagger
rCold  . . .     Gourm    .     b - +1 robe
rNeg   . . .     Faith    .     (shield restricted)
rPois  .         Spirit   .     (helmet restricted)
rElec  .         Dismiss  .     (no cloak)
rCorr  .         Reflect  .     (gloves unavailable)
SustAt .         Harm     .     (boots unavailable)
MR     +....     NoTele   +     (no amulet)
Stlth  ++++++++++               (no ring)
                                (no ring)

@: lethally poisoned (0 -> -15), exhausted, slowed, wreathed by umbra, repel
missiles, quick, somewhat resistant to hostile enchantments, uncannily stealthy
A: unfitting armour, see invisible, herbivore 3, speed 3, slow metabolism 2
a: Shadow Step, Shadow Form, Renounce Religion


You were in the Dungeon.
You worshipped Dithmenos.
Dithmenos was exalted by your worship.
You were not hungry.

You visited 1 branch You collected 39 gold pieces.

Inventory:

Hand Weapons
 a - a +1 dagger (weapon)
Armour
 b - a +1 robe (worn)
Scrolls
 j - a scroll of blinking
 k - a scroll of identify
 m - a scroll of torment
 r - 2 scrolls of remove curse
Potions
 c - a potion of berserk rage
 g - a potion of haste
 h - 2 potions of magic
 p - 2 potions of cure mutation
 q - 3 potions of flight
Comestibles
 d - 2 bread rations
 i - 22 royal jellies


   Skills:
 + Level 6.3 Fighting
 * Level 12.0 Short Blades
 + Level 5.6 Armour
 * Level 14.9 Dodging
 * Level 16.1 Stealth
 * Level 12.9 Spellcasting
 + Level 5.6 Conjurations
 + Level 9.6 Hexes
 + Level 8.8 Charms
 + Level 6.0 Ice Magic
 + Level 5.8 Air Magic
 - Level 4.3 Invocations


You had 9 spell levels left.
You knew the following spells:

 Your Spells              Type           Power        Failure   Level  Hunger
a - Corona                Hex            #####..      1%          1    None
b - Ensorcelled Hibernat  Hex/Ice        #####.       1%          2    None
c - Confuse               Hex            #####...     1%          3    None
d - Tukima's Dance        Hex            #####...     1%          3    None
e - Dazzling Spray        Conj/Hex       #####...     1%          3    None
f - Repel Missiles        Chrm/Air       #####.       1%          2    None
g - Bolt of Cold          Conj/Ice       ####......   78%         6    ######.
h - Freezing Cloud        Conj/Ice/Air   ####......   78%         6    ######.


Dungeon Overview and Level Annotations

Branches:
Dungeon (1/1)

Altars:
Cheibriados
Dithmenos
Elyvilon
Fedhas
Gozag
Kikubaaqudgha
Makhleb
Nemelex Xobeh
Okawaru
Pakellas
Qazlal
Ru
Sif Muna
Trog
Vehumet
Xom
Yredelemnul
Zin
The Shining One
Jiyva
Lugonu


Innate Abilities, Weirdness & Mutations

You are tiny and cannot use many weapons and most armour.
You have supernaturally acute eyesight.
You are a herbivore.
You cover ground extremely quickly.
You need consume almost no food.


Message History

You feel very sick.
* * * LOW HITPOINT WARNING * * *
You feel sick.
You feel your anger subside.
You are no longer berserk.
You are exhausted.
You feel as though you will be slow longer.
* * * LOW HITPOINT WARNING * * *
You feel sick.
* * * LOW HITPOINT WARNING * * *
You feel very sick.
Drink which item? (? for menu, Esc to quit)
Okay, then.
Unknown command.
Unknown command.
There is a lethal amount of poison in your body!
* * * LOW HITPOINT WARNING * * *
You feel very sick.
* * * LOW HITPOINT WARNING * * *
You feel sick.
You die...

▓▓▓▓▓▓▓▓▓▓▓▓▓▓▓▓▓▓▓▓▓▓▓▓▓▓▓▓▓▓#.#
♣♣≈≈≈........≈≈≈...##.
+♣♣'♣≈≈≈≈≈≈≈≈≈≈≈≈♣♣P.'.#
#.≈♣♣♣♣♣♣♣♣♣♣♣♣♣♣♣♣PP##. #..♣♣
♣♣♣ #+ ###'♣♣♣♣♣♣♣♣♣♣♣♣♣♣♣
♣♣♣♣%##..##§§≈≈≈≈..#
♣...##.##.#§§§≈≈...#
♣♣.##.##@##+§§§≈§####
♣..#.##.§§#§§§.§§..§
♣♣.##.##.)#§§§+#####
♣♣.##.#####§§§# ♣.....##§§....#
########+######


There were no monsters in sight!

Vanquished Creatures
  Maud (D)
  Josephine (D)
  2 hydras (D)
  A centaur warrior (D)
  A death drake (D)
  An unseen horror (D)
  A lindwurm (D)
  A deep elf mage (D)
  2 spiny frogs (D)
  A komodo dragon (D)
  A queen bee (D)
  3 wandering mushrooms (D)
  2 giant leeches (D)
  3 redbacks (D)
  A shadow (D)
  A spatial vortex (D)
  A necrophage (D)
  2 centaurs (D)
  An earth elemental (D)
  A water elemental (D)
  32 killer bees (D)
  An electric eel (D)
  A wizard (D)
  A jelly (D)
  Jessica (D)
  A necromancer (D)
  3 humans (D)
  A kobold demonologist (D)
  2 oozes (D)
  A phantom (D)
  A rat (D)
73 creatures vanquished.

Vanquished Creatures (others)
  2 draconian scorchers (D)
  2 yaktaurs (D)
4 creatures vanquished.

Grand Total: 77 creatures vanquished

Notes
Turn   | Place    | Note
--------------------------------------------------------------
     0 | D        | Kidiri the Spriggan Enchanter began the quest for the Orb.
     0 | D        | Reached XP level 1. HP: 9/9 MP: 5/5
     4 | D        | Reached skill level 5 in Stealth
    13 | D        | Reached XP level 2. HP: 12/14 MP: 5/7
    17 | D        | Learned a level 2 spell: Ensorcelled Hibernation
    81 | D        | Noticed Jessica
    88 | D        | Killed Jessica
    88 | D        | Reached skill level 1 in Fighting
    88 | D        | Reached skill level 1 in Armour
    88 | D        | Reached skill level 6 in Stealth
    88 | D        | Reached XP level 3. HP: 18/18 MP: 1/9
   112 | D        | Learned a level 3 spell: Confuse
   116 | D        | Learned a level 3 spell: Dazzling Spray
   177 | D        | Reached skill level 5 in Dodging
   177 | D        | Reached skill level 1 in Ice Magic
   212 | D        | Gained mutation: You have a pair of small antennae on your head. [potion of mutation]
   213 | D        | Gained mutation: Armour fits poorly on your strangely shaped body. [potion of mutation]
   213 | D        | Gained mutation: You are dopey. (Int -2) [potion of mutation]
   213 | D        | Gained mutation: You are partially covered in yellow scales (AC +2). [potion of mutation]
   214 | D        | Lost mutation: You are dopey. (Int -2) [potion of cure mutation]
   214 | D        | Lost mutation: Armour fits poorly on your strangely shaped body. [potion of cure mutation]
   214 | D        | Lost mutation: You have a pair of small antennae on your head. [potion of cure mutation]
   214 | D        | Lost mutation: You are partially covered in yellow scales (AC +2). [potion of cure mutation]
   236 | D        | Noticed a water elemental
   261 | D        | Killed a water elemental
   261 | D        | Reached skill level 7 in Stealth
   261 | D        | Reached skill level 5 in Spellcasting
   261 | D        | Reached skill level 1 in Conjurations
   261 | D        | Reached XP level 4. HP: 16/22 MP: 1/12
   264 | D        | Killed a yaktaur
   315 | D        | Killed a white draconian scorcher
   317 | D        | Killed a white draconian scorcher
   329 | D        | Learned a level 3 spell: Tukima's Dance
   402 | D        | Noticed a shadow
   404 | D        | Killed a shadow
   404 | D        | Reached skill level 5 in Short Blades
   404 | D        | Reached skill level 8 in Stealth
   404 | D        | Reached skill level 5 in Hexes
   404 | D        | Reached XP level 5. HP: 26/27 MP: 13/15
   404 | D        | Reached XP level 6. HP: 31/32 MP: 13/16
   408 | D        | Reached skill level 9 in Stealth
   427 | D        | Found an oddly glowing altar of Pakellas.
   427 | D        | Found a stormy altar of Qazlal.
   428 | D        | Found a sacrificial altar of Ru.
   428 | D        | Found a burning altar of Makhleb.
   428 | D        | Found a viscous altar of Jiyva.
   428 | D        | Found a shimmering altar of Xom.
   428 | D        | Found a shadowy altar of Dithmenos.
   428 | D        | Found a sparkling altar of Nemelex Xobeh.
   428 | D        | Found a corrupted altar of Lugonu.
   428 | D        | Found an opulent altar of Gozag.
   428 | D        | Noticed a spatial vortex
   433 | D        | Became a worshipper of Dithmenos the Shadowed
   452 | D        | Killed a spatial vortex
   452 | D        | Reached skill level 1 in Invocations
   581 | D        | Found a radiant altar of Vehumet.
   582 | D        | Found a deep blue altar of Sif Muna.
   582 | D        | Found an ancient bone altar of Kikubaaqudgha.
   594 | D        | Learned a level 2 spell: Repel Missiles
   612 | D        | Learned a level 6 spell: Bolt of Cold
   617 | D        | Found a glowing silver altar of Zin.
   618 | D        | Found a glowing golden altar of the Shining One.
   618 | D        | Found a white marble altar of Elyvilon.
   618 | D        | Noticed a deep elf mage
   620 | D        | Killed a deep elf mage
   620 | D        | Reached * piety under Dithmenos
   620 | D        | Reached skill level 10 in Stealth
   620 | D        | Reached skill level 1 in Air Magic
   620 | D        | Reached XP level 7. HP: 36/36 MP: 17/19
   632 | D        | Found an iron altar of Okawaru.
   633 | D        | Found a bloodstained altar of Trog.
   633 | D        | Noticed a human
   633 | D        | Noticed a human
   635 | D        | Killed a human
   635 | D        | Reached skill level 10 in Dodging
   635 | D        | Reached skill level 11 in Stealth
   640 | D        | Killed a human
   640 | D        | Reached XP level 8. HP: 32/41 MP: 15/21
   710 | D        | Found a snail-covered altar of Cheibriados.
   711 | D        | Found a basalt altar of Yredelemnul.
   711 | D        | Found a blossoming altar of Fedhas.
   714 | D        | Reached ** piety under Dithmenos
   737 | D        | Noticed Josephine
   754 | D        | Killed Josephine
   754 | D        | Reached skill level 12 in Stealth
   754 | D        | Reached XP level 9. HP: 45/45 MP: 14/23
   807 | D        | Learned a level 6 spell: Freezing Cloud
   819 | D        | Noticed a centaur warrior
   823 | D        | Killed a centaur warrior
   823 | D        | Reached *** piety under Dithmenos
   823 | D        | Reached skill level 13 in Stealth
   823 | D        | Reached skill level 10 in Spellcasting
   823 | D        | Reached skill level 5 in Charms
   841 | D        | Noticed an unseen horror
   842 | D        | Killed an unseen horror
   853 | D        | Noticed a queen bee
   866 | D        | Reached **** piety under Dithmenos
   880 | D        | Reached ***** piety under Dithmenos
   882 | D        | Reached skill level 5 in Fighting
  1027 | D        | Reached XP level 10. HP: 51/51 MP: 20/25
  1036 | D        | Reached skill level 10 in Short Blades
  1183 | D        | Reached ****** piety under Dithmenos
  1195 | D        | Reached skill level 14 in Stealth
  1195 | D        | Reached skill level 5 in Ice Magic
  1440 | D        | Noticed a spiny frog
  1440 | D        | Noticed a spiny frog
  1444 | D        | Killed a spiny frog
  1447 | D        | Killed a spiny frog
  1451 | D        | Reached skill level 5 in Armour
  1723 | D        | Reached skill level 5 in Air Magic
  1739 | D        | Reached skill level 5 in Conjurations
  1743 | D        | Reached skill level 15 in Stealth
  1802 | D        | Noticed a lindwurm
  1806 | D        | Killed a lindwurm
  2041 | D        | Reached XP level 11. HP: 40/56 MP: 25/28
  2131 | D        | Noticed Maud
  2133 | D        | Killed Maud
  2137 | D        | Noticed a five-headed hydra
  2137 | D        | Noticed an eight-headed hydra
  2143 | D        | Killed a five-headed hydra
  2144 | D        | Killed an eight-headed hydra
  2144 | D        | Reached skill level 16 in Stealth
  2186 | D        | Noticed a death drake
  2197 | D        | Killed a death drake
  2208 | D        | Succumbed to a death drake's dark miasma

Skill      XL: |  1  2  3  4  5  6  7  8  9 10 11 |
---------------+----------------------------------+-----
Stealth        | 5 6 7 8 10 11 12 13 15 16 | 16.1
Spellcasting   | 3 4 5 6 8 9 10 12 | 12.9
Dodging        | 4 6 7 9 10 11 12 14 | 14.9
Fighting       | 1 2 3 4 5 6 |  6.3
Short Blades   | 2 4 5 7 8 9 11 12 | 12.0
Armour         | 1 2 3 4 5 |  5.6
Hexes          | 4 5 6 7 8 9 |  9.6
Ice Magic      | 1 2 3 4 5 6 |  6.0
Conjurations   | 1 2 3 4 5 |  5.6
Invocations    | 2 3 4 |  4.3
Charms         | 2 3 4 6 7 8 |  8.8
Air Magic      | 1 2 3 4 5 |  5.8

Action                   |  1- 3 |  4- 6 |  7- 9 | 10-12 || total
-------------------------+-------+-------+-------+-------++-------
Melee: Dagger            |    16 |    14 |    42 |    43 ||   115
 Cast: Corona            |     2 |       |       |       ||     2
       Ensorcelled Hiber |     5 |       |    18 |    33 ||    56
       Dazzling Spray    |     2 |     6 |     1 |     5 ||    14
       Confuse           |       |       |     3 |       ||     3
       Repel Missiles    |       |       |       |     1 ||     1
Invok: Shadow Step       |       |       |     1 |     5 ||     6
  Use: Potion            |     5 |       |     1 |     2 ||     8
       Scroll            |     2 |       |       |       ||     2
 Stab: Sleeping          |     6 |     5 |    18 |    31 ||    60
       Confused          |       |       |     4 |       ||     4
       Invisible         |       |       |     1 |     2 ||     3
  Eat: Fruit             |       |       |       |     3 ||     3
Armor: Robe              |     2 |       |       |       ||     2
Dodge: Dodged            |    12 |     2 |    33 |    27 ||    74
